 Dungeon Crawl Stone Soup version 0.28-a0-691-gad6df49e81 (webtiles) character file.

Game seed: 16585470965259932580

124 ytrimaz the Chopper (level 4, -5/42 HPs)
             Began as a Minotaur Berserker on Oct 20, 2021.
             Was a Believer of Trog.
             Slain by a wyvern zombie (9 damage)
             ... on level 6 of the Dungeon.
             The game lasted 00:02:34 (2149 turns).

ytrimaz the Chopper (Minotaur Berserker)            Turns: 2149, Time: 00:02:34

Health: -5/42      AC:  7    Str: 23    XL:     4   Next: 81%
Magic:  3/3        EV: 11    Int:  4    God:    Trog [**....]
Gold:   160        SH:  0    Dex: 15    Spells: 3/3 levels left

rFire   . . .      SeeInvis .   a - +1 hand axe
rCold   . . .      Faith    .   (no shield)
rNeg    . . .      Spirit   .   l - +1 ring mail {Will+}
rPois   .          Reflect  .   (helmet restricted)
rElec   .          Harm     .   (no cloak)
rCorr   .          Rampage  .   m - +0 pair of gloves
Will    +....                   (no boots)
Stlth   +.........              h - amulet of the acrobat
HPRegen 0.14/turn               e - +6 ring of dexterity
MPRegen 0.08/turn               (no ring)

@: no status effects
A: horns 2, retaliatory headbutt
a: Renounce Religion, Berserk, Trog's Hand


You were on level 6 of the Dungeon.
You worshipped Trog.
Trog was pleased with you.
You visited 1 branch of the dungeon, and saw 4 of its levels.

You collected 160 gold pieces.

Inventory:

Hand Weapons
 a - a +1 hand axe (weapon)
Armour
 l - a +1 ring mail of willpower (worn)
 m - a +0 pair of gloves (worn)
Jewellery
 e - a +6 ring of dexterity (left hand)
 h - an amulet of the acrobat (around neck)
Wands
 i - a wand of flame (15)
 o - a wand of iceblast (4)
Scrolls
 d - a scroll of noise
 j - a scroll of teleportation
Potions
 b - a potion of brilliance {unknown}
 g - 3 potions of curing {unknown}
 n - a potion of haste {unknown}


   Skills:
 + Level 5.0 Fighting
 + Level 5.3 Axes
 + Level 3.2 Armour
 - Level 2.1 Dodging


You had 3 spell levels left.
You didn't know any spells.
Your spell library was empty.

Dungeon Overview and Level Annotations

Branches:
Dungeon (3/15)

Altars:


Innate Abilities, Weirdness & Mutations

You have a pair of horns on your head.
You reflexively headbutt those who attack you in melee.


Message History

You feel very sick.
You feel sick.
You feel sick.
Found a brown potion.
You feel sick.
Found a lumpy inky potion.
You feel sick.
You feel sick.
You feel sick.
There is a stone staircase leading down here.
You start resting.
You feel sick.
You are no longer poisoned.
You start resting.
You hear the slow rusting of a very distant drain.
b - a brown potion A wyvern zombie comes into view.
You hit the wyvern zombie but do no damage.
Your headbutt misses the wyvern zombie. The wyvern zombie barely misses you.
You slash the wyvern zombie! You headbutt the wyvern zombie.
The wyvern zombie is moderately damaged.
The wyvern zombie closely misses you. You furiously retaliate!
You headbutt the wyvern zombie, but do no damage.
The wyvern zombie bites you but does no damage.
You slash the wyvern zombie!
The wyvern zombie is heavily damaged.
The wyvern zombie bites you but does no damage.
You hit the wyvern zombie.
The wyvern zombie is heavily damaged.
The wyvern zombie bites you.
You hit the wyvern zombie. Your headbutt misses the wyvern zombie.
The wyvern zombie is severely damaged.
The wyvern zombie bites you!
* * * LOW HITPOINT WARNING * * *
The wyvern zombie bites you but does no damage.
You hit the wyvern zombie.
The wyvern zombie is almost destroyed.
The wyvern zombie bites you.
* * * LOW HITPOINT WARNING * * *
You hit the wyvern zombie.
The wyvern zombie is almost destroyed.
The wyvern zombie bites you!
You die...

........#..#..#..###
...........##....#.####
...........##.##.>....#
...........##.###.....#
.##..).........#..#..!#
#..........#....##.##
##........##....# ##
...#........#.##
..####..Z@..#### ...
####.....# #....##
.....## ###.... #...##
#####


You could see a wyvern zombie.

Vanquished Creatures
  A scorpion (D:6)
  An adder (D:2)
  A worm (D:3)
  An orc (D:3)
  3 bats
  6 endoplasms
  6 giant cockroaches
  6 goblins
  4 hobgoblins
  2 jackals (D:1)
  4 kobolds
  A quokka (D:2)
  6 ball pythons
  A frilled lizard (D:1)
  6 rats
49 creatures vanquished.

Notes
Turn   | Place    | Note
-------+----------+-------------------------------------------
     0 | D:1      | ytrimaz the Minotaur Berserker began the quest for the Orb.
     0 | D:1      | Reached XP level 1. HP: 19/19 MP: 0/0
   246 | D:1      | Reached XP level 2. HP: 14/27 MP: 1/1
  1141 | D:2      | Reached XP level 3. HP: 34/34 MP: 2/2
  1141 | D:2      | Reached ** piety under Trog
  1426 | D:2      | Found a faded altar of an unknown god.
  2036 | D:3      | Reached XP level 4. HP: 41/41 MP: 3/3
  2082 | D:3      | You fall into a shaft and drop 3 floors!
  2086 | D:6      | Noticed a scorpion
  2095 | D:6      | Killed a scorpion
  2096 | D:6      | Reached skill level 5 in Fighting
  2096 | D:6      | Reached skill level 5 in Axes
  2149 | D:6      | Slain by a wyvern zombie

Illustrated notes

Levels and vault maps discovered:
D:1:      dpeg_arrival_simpleton_a, layout_rooms
D:2:      layout_basic, hellmonk_ecumenical_altar_run_dry
D:3:      layout_rooms, st_stairs_6
D:6:      due_chaos_kobolds, layout_cave_pools, minmay_temple_entry_junction,
          portal_sewer_entry_e, minmay_misc_feat_rows, chequers_arboretum,
          uniq_prince_ribbit1

Skill      XL: |  1  2  3  4 |
---------------+-------------+-----
Axes           | 4 5 |  5.3
Fighting       | 4 5 |  5.0
Armour         | 3 |  3.2
Dodging        | |  2.1

Action                   |  1- 3 |  4- 6 || total
-------------------------+-------+-------++-------
Melee: Hand axe          |    76 |    16 ||    92
       Headbutt          |    12 |     5 ||    17
  Use: Scroll            |       |     5 ||     5
Armor: Animal skin       |     8 |       ||     8
       Chain mail        |     9 |       ||     9
       Ring mail         |     6 |     6 ||    12
Dodge: Dodged            |    79 |     7 ||    86

Table legend: (Time is in decaauts)
 A = Elapsed time spent in this place.
 B = Non-inter-level travel time spent in this place.
 C = Inter-level travel time spent in this place.
 D = Time resting spent in this place.
 E = Time spent auto-exploring this place.
 F = Levels seen in this place.
 G = Mean time per level.
                   A        B        C        D        E       F      G
               +--------+--------+--------+--------+--------+-----+--------+
         Total |   2155 |   2097 |     58 |     28 |   1632 |   4 |  538.8 |
       Dungeon |   2155 |   2097 |     58 |     28 |   1632 |   4 |  538.8 |
               +--------+--------+--------+--------+--------+-----+--------+

Top non-repeatable levels by time:
     D:1: 929 daAuts
     D:2: 720 daAuts
     D:3: 437 daAuts
     D:6: 67 daAuts
